MLB
CAROLINA CATAMOUNTS @ BOSTON RED SOX
10/01/2041
 
TOP OF THE 1ST
Carolina Catamounts batting - Pitching for Boston Red Sox : RHP Raúl Chávez
Pitching: RHP Raúl Chávez
Batting: LHB Joe Anderson 0-0: Ball
1-0: DOUBLE (Flyball, 78D, EV 106.3 MPH)
Batting: LHB Bernardo Galván 0-0: Ball
1-0: Swinging Strike
1-1: Foul Ball, location: 7LMF
1-2: Ball
2-2: Foul Ball, location: 5F
2-2: Strikes out swinging
Batting: RHB Mike Harrison 0-0: Ball
1-0: Ball
2-0: Ball
3-0: Called Strike
3-1: Foul Ball, location: 9LMFF
3-2: Strikes out swinging
Batting: RHB Leo Myers 0-0: Foul Ball, location: 2F
0-1: Swinging Strike
0-2: Ball
1-2: Foul Ball, location: 3FF
1-2: Foul Ball, location: 23F
1-2: Foul Ball, location: 7LDF
1-2: Ball
Wild Pitch!
Joe Anderson to third
2-2: Strikes out swinging
Top of the 1st over - 0 runs, 1 hit, 0 errors, 1 left on base; Carolina 0 - Boston 0
BOTTOM OF THE 1ST
Boston Red Sox batting - Pitching for Carolina Catamounts : RHP Ed Huffman
Pitching: RHP Ed Huffman
Batting: RHB Juan Ávila 0-0: Foul Ball, location: 7LMF
0-1: Called Strike
0-2: Strikes out swinging
Batting: LHB Erwin Broomhead 0-0: Called Strike
0-1: Called Strike
0-2: Ground out U3 (Groundball, 34, EV 80.0 MPH)
Batting: RHB António Negrón 0-0: Ball
1-0: Ground out 5-3 (Groundball, 56D, EV 99.4 MPH)
Bottom of the 1st over - 0 runs, 0 hits, 0 errors, 0 left on base; Carolina 0 - Boston 0
TOP OF THE 2ND
Carolina Catamounts batting - Pitching for Boston Red Sox : RHP Raúl Chávez
Batting: RHB Ignacio Montalvo 0-0: Swinging Strike
0-1: SINGLE (Groundball, 6MD, EV 100.0 MPH)
Batting: RHB Sean Manley 0-0: Ball
1-0: Bunted foul
1-1: Swinging Strike
1-2: Ball
2-2: Strikes out swinging
Batting: RHB Raúl Benítez 0-0: Called Strike
0-1: Called Strike
0-2: Foul Ball, location: 2F
0-2: Ball
1-2: Strikes out swinging
Batting: LHB Bailey Johnson 0-0: Called Strike
0-1: Ball
1-1: Foul Ball, location: 25F
1-2: Foul Ball, location: 3FF
1-2: Ball
2-2: Ball
3-2: Base on Balls
Ignacio Montalvo to second
Batting: SHB Joe Lund 0-0: Ball
1-0: Ball
2-0: Called Strike
2-1: Called Strike
2-2: Strikes out swinging
Top of the 2nd over - 0 runs, 1 hit, 0 errors, 2 left on base; Carolina 0 - Boston 0
BOTTOM OF THE 2ND
Boston Red Sox batting - Pitching for Carolina Catamounts : RHP Ed Huffman
Batting: LHB Abel Scott 0-0: Called Strike
0-1: Ball
1-1: Foul Ball, location: 2RF
1-2: Ball
2-2: Strikes out swinging
Batting: LHB Derek Orby 0-0: Called Strike
0-1: Foul Ball, location: 2F
0-2: Foul Ball, location: 23F
0-2: Hit by Pitch
Batting: RHB Juan Serrato 0-0: Ball
1-0: Ground out 4-3 (Groundball, 34, EV 108.1 MPH)
Derek Orby to second
Batting: RHB José Morales 0-0: Ground out 6-3 (Groundball, 6, EV 105.0 MPH)
Bottom of the 2nd over - 0 runs, 0 hits, 0 errors, 1 left on base; Carolina 0 - Boston 0
TOP OF THE 3RD
Carolina Catamounts batting - Pitching for Boston Red Sox : RHP Raúl Chávez
Batting: LHB Joe Anderson 0-0: Called Strike
0-1: Ball
1-1: Swinging Strike
1-2: Strikes out swinging
Batting: LHB Bernardo Galván 0-0: Fly out, F7 (Flyball, 7LM, EV 95.0 MPH)
Batting: RHB Mike Harrison 0-0: Ball
1-0: Ground out 5-3 (Groundball, 56S, EV 93.8 MPH)
Top of the 3rd over - 0 runs, 0 hits, 0 errors, 0 left on base; Carolina 0 - Boston 0
BOTTOM OF THE 3RD
Boston Red Sox batting - Pitching for Carolina Catamounts : RHP Ed Huffman
Batting: LHB Elián Ortíz 0-0: Ball
1-0: Ball
2-0: Ball
3-0: Called Strike
3-1: Base on Balls
Batting: RHB Ignacio Villalobos 0-0: Ball
1-0: Bunt missed!
1-1: Ball
2-1: Called Strike
Elián Ortíz steals 2nd base
2-2: Fly out, F8 (Flyball, 8LD, EV 104.4 MPH)
Batting: RHB Juan Ávila 0-0: Called Strike
0-1: Ball
1-1: Ball
2-1: Ball
3-1: Base on Balls
Batting: LHB Erwin Broomhead 0-0: Ball
1-0: Called Strike
1-1: Fly out, F9 (Flyball, 9LM, EV 91.9 MPH)
Runner from 2nd tags up, SAFE at 3rd, no throw by RF
Batting: RHB António Negrón 0-0: Fly out, F7 (Flyball, 7D, EV 105.0 MPH)
Bottom of the 3rd over - 0 runs, 0 hits, 0 errors, 2 left on base; Carolina 0 - Boston 0
TOP OF THE 4TH
Carolina Catamounts batting - Pitching for Boston Red Sox : RHP Raúl Chávez
Batting: RHB Leo Myers 0-0: Fly out, F8 (Flyball, 89M, EV 93.8 MPH)
Batting: RHB Ignacio Montalvo 0-0: Ball
1-0: Ball
2-0: Ball
3-0: Called Strike
3-1: Foul Ball, location: 3DF
3-2: Foul Ball, location: 9LMF
3-2: Ground out 5-3 (Groundball, 56, EV 78.1 MPH)
Batting: RHB Sean Manley 0-0: Ball
1-0: Ball
2-0: Called Strike
2-1: Foul Ball, location: 5F
2-2: Ball
3-2: Ground out 6-3 (Groundball, 6, EV 95.6 MPH)
Top of the 4th over - 0 runs, 0 hits, 0 errors, 0 left on base; Carolina 0 - Boston 0
BOTTOM OF THE 4TH
Boston Red Sox batting - Pitching for Carolina Catamounts : RHP Ed Huffman
Batting: LHB Abel Scott 0-0: Ball
1-0: Ground out 4-3 (Groundball, 4, EV 102.5 MPH)
Batting: LHB Derek Orby 0-0: Swinging Strike
0-1: Ball
1-1: Ground out U3 (Groundball, 3, EV 85.0 MPH)
Batting: RHB Juan Serrato 0-0: Ball
1-0: Ground out 1-3 (Groundball, 15S, EV 75.0 MPH)
Bottom of the 4th over - 0 runs, 0 hits, 0 errors, 0 left on base; Carolina 0 - Boston 0
TOP OF THE 5TH
Carolina Catamounts batting - Pitching for Boston Red Sox : RHP Raúl Chávez
Batting: RHB Raúl Benítez 0-0: Ball
1-0: Swinging Strike
1-1: DOUBLE (Line Drive, 78D, EV 98.1 MPH)
Batting: LHB Bailey Johnson 0-0: Ball
1-0: Called Strike
1-1: Swinging Strike
1-2: Strikes out swinging
Batting: SHB Joe Lund 0-0: Fly out, F8 (Flyball, 78D, EV 111.3 MPH)
Batting: LHB Joe Anderson 0-0: Called Strike
0-1: Ball
1-1: Ball
2-1: Foul Ball, location: 7LSF
2-2: Foul Ball, location: 3F
2-2: Strikes out swinging, 2-3 out at first.
Top of the 5th over - 0 runs, 1 hit, 0 errors, 1 left on base; Carolina 0 - Boston 0
BOTTOM OF THE 5TH
Boston Red Sox batting - Pitching for Carolina Catamounts : RHP Ed Huffman
Batting: RHB José Morales 0-0: Ball
1-0: Foul Ball, location: 2F
1-1: Ball
2-1: Ball
3-1: Base on Balls
Batting: LHB Elián Ortíz 0-0: Ball
José Morales steals 2nd base
1-0: Ball
2-0: Ball
3-0: Called Strike
3-1: Base on Balls
Batting: RHB Ignacio Villalobos 0-0: Bunt missed!
0-1: Bunt missed!
0-2: Ball
1-2: Ball
2-2: Foul Ball, location: 9LSF
2-2: Foul Ball, location: 7LSF
2-2: 3-RUN HOME RUN (Line Drive, 8RXD, EV 112.5 MPH), Distance : 436 ft
Batting: RHB Juan Ávila 0-0: Called Strike
0-1: Ball
1-1: Foul Ball, location: 7LMF
1-2: Foul Ball, location: 7LDF
1-2: SINGLE (Line Drive, 9LS, EV 98.8 MPH)
Batting: LHB Erwin Broomhead 0-0: Sac Bunt to 15 - play at first, batter OUT! 1-3
Juan Ávila to second
Batting: RHB António Negrón 0-0: Ball
1-0: Ball
2-0: Ball
3-0: Called Strike
3-1: Fly out, F9 (Flyball, 9D, EV 103.1 MPH)
Runner from 2nd tags up, SAFE at 3rd, no throw by RF
Batting: LHB Abel Scott 0-0: Foul Ball, location: 2F
0-1: Ball
1-1: Fly out, F5 (Popup, 5F, EV 68.1 MPH)
Bottom of the 5th over - 3 runs, 2 hits, 0 errors, 1 left on base; Carolina 0 - Boston 3
TOP OF THE 6TH
Carolina Catamounts batting - Pitching for Boston Red Sox : RHP Raúl Chávez
Batting: LHB Bernardo Galván 0-0: Ball
1-0: Ball
2-0: Called Strike
2-1: Ground out 6-3 (Groundball, 6M, EV 86.3 MPH)
Batting: RHB Mike Harrison 0-0: Ground out 4-3 (Groundball, 4, EV 103.1 MPH)
Batting: RHB Leo Myers 0-0: Called Strike
0-1: Ball
1-1: Fly out, F8 (Flyball, 8LM, EV 99.4 MPH)
Top of the 6th over - 0 runs, 0 hits, 0 errors, 0 left on base; Carolina 0 - Boston 3
BOTTOM OF THE 6TH
Boston Red Sox batting - Pitching for Carolina Catamounts : RHP Ed Huffman
Batting: LHB Derek Orby 0-0: Foul Ball, location: 2F
0-1: Called Strike
0-2: Ball
1-2: Foul Ball, location: 2F
1-2: Fly out, F8 (Flyball, 78XD, EV 106.9 MPH)
Batting: RHB Juan Serrato 0-0: Ball
1-0: Called Strike
1-1: Ball
2-1: Ball
3-1: Base on Balls
Batting: RHB José Morales 0-0: Ball
1-0: Ball
2-0: Ball
3-0: Base on Balls
Juan Serrato to second
Batting: LHB Elián Ortíz 0-0: Ball
1-0: Foul Ball, location: 5F
1-1: Fly out, F7 (Flyball, 78D, EV 103.8 MPH)
Batting: RHB Ignacio Villalobos 0-0: Ball
1-0: Swinging Strike
1-1: Ground out 5-3 (Groundball, 56, EV 95.6 MPH)
Bottom of the 6th over - 0 runs, 0 hits, 0 errors, 2 left on base; Carolina 0 - Boston 3
TOP OF THE 7TH
Carolina Catamounts batting - Pitching for Boston Red Sox : RHP Raúl Chávez
Batting: RHB Ignacio Montalvo 0-0: Called Strike
0-1: Fly out, F3 (Popup, 3S, EV 73.1 MPH)
Batting: RHB Sean Manley 0-0: Ball
1-0: Foul Ball, location: 3F
1-1: Foul Ball, location: 2F
1-2: Foul Ball, location: 2F
1-2: Foul Ball, location: 2F
1-2: Ball
2-2: DOUBLE (Flyball, 89D, EV 96.9 MPH)
Pinch Runner at 2nd Orlando Hernández:
Batting: RHB Raúl Benítez 0-0: Ball
1-0: Swinging Strike
1-1: 2-RUN HOME RUN (Flyball, 9LD, EV 91.9 MPH), Distance : 338 ft
Batting: LHB Bailey Johnson 0-0: Called Strike
0-1: Ball
1-1: Called Strike
1-2: Strikes out looking
Batting: SHB Joe Lund 0-0: Swinging Strike
0-1: Ball
1-1: Swinging Strike
1-2: Ball
2-2: Ball
3-2: SINGLE (Flyball, 3D, EV 90.0 MPH)
Pitching: RHP Bernardo González
Batting: LHB Joe Anderson 0-0: Foul Ball, location: 2F
0-1: Called Strike
0-2: Ball
1-2: Ground out 4-3 (Groundball, 4, EV 81.3 MPH)
Top of the 7th over - 2 runs, 3 hits, 0 errors, 1 left on base; Carolina 2 - Boston 3
BOTTOM OF THE 7TH
Boston Red Sox batting - Pitching for Carolina Catamounts : RHP Ed Huffman
Now at 2B: Sam Kirby
Now at 3B: Mike Harrison
Now at SS: Ignacio Montalvo
Batting: RHB Juan Ávila 0-0: Ball
1-0: Ball
2-0: Fly out, F4 (Popup, 4MD, EV 56.3 MPH)
Batting: LHB Erwin Broomhead 0-0: Fly out, F2 (Popup, 2LF, EV 95.6 MPH)
Batting: RHB António Negrón 0-0: Ball
1-0: Called Strike
1-1: Foul Ball, location: 2F
1-2: SINGLE (Line Drive, 6D, EV 96.3 MPH)
Pitching: LHP Alan Ames
Batting: LHB Abel Scott 0-0: Ball
1-0: Called Strike
1-1: Ball
2-1: Ball
3-1: Called Strike
3-2: Foul Ball, location: 9LDF
3-2: Strikes out swinging
Bottom of the 7th over - 0 runs, 1 hit, 0 errors, 1 left on base; Carolina 2 - Boston 3
TOP OF THE 8TH
Carolina Catamounts batting - Pitching for Boston Red Sox : RHP Bernardo González
Batting: LHB Bernardo Galván 0-0: Ball
1-0: Foul Ball, location: 3F
1-1: Foul Ball, location: 3FF
1-2: Ball
2-2: Ball
3-2: Ground out 4-3 (Groundball, 4, EV 99.4 MPH)
Batting: RHB Mike Harrison 0-0: Foul Ball, location: 3F
0-1: Called Strike
0-2: Ground out 5-3 (Groundball, 56, EV 82.5 MPH)
Batting: RHB Leo Myers 0-0: Ball
1-0: Ball
2-0: Ball
3-0: Base on Balls
Batting: RHB Ignacio Montalvo 0-0: Ball
1-0: Ball
2-0: Ball
3-0: Base on Balls
Leo Myers to second
Pitching: LHP Bernie Taylor
Batting: LHB Sam Kirby 0-0: Called Strike
0-1: Ball
1-1: Ball
2-1: Called Strike
2-2: Ball
3-2: Ground out 1-3 (Groundball, 15S, EV 63.1 MPH)
Top of the 8th over - 0 runs, 0 hits, 0 errors, 2 left on base; Carolina 2 - Boston 3
BOTTOM OF THE 8TH
Boston Red Sox batting - Pitching for Carolina Catamounts : LHP Alan Ames
Batting: LHB Derek Orby 0-0: Ball
1-0: Ball
2-0: Called Strike
2-1: Ball
3-1: Called Strike
3-2: SINGLE (Groundball, 34D, EV 100.6 MPH)
Batting: RHB Juan Serrato 0-0: Bunt missed!
0-1: Sac Bunt to 23 - play at first, batter OUT! 3-4
Derek Orby to second
Batting: RHB José Morales 0-0: Intentional Walk
Pinch Runner at 2nd Danny Walker:
Pinch Hitting: RHB Luis Cortéz 0-0: Swinging Strike
0-1: Ball
1-1: Ball
2-1: Foul Ball, location: 9LDF
2-2: Fielders Choice at 3rd, U5 (Groundball, 5L, EV 91.9 MPH)
José Morales to second
Batting: RHB Ignacio Villalobos 0-0: Ball
1-0: Ball
2-0: Ground out 6-3 (Groundball, 6S, EV 68.8 MPH)
Bottom of the 8th over - 0 runs, 1 hit, 0 errors, 2 left on base; Carolina 2 - Boston 3
TOP OF THE 9TH
Carolina Catamounts batting - Pitching for Boston Red Sox : LHP Bernie Taylor
Pitching: RHP Jim Cox
Now at 3B: Luis Cortéz
Now in CF: Danny Walker
Batting: RHB Raúl Benítez 0-0: Ball
1-0: Called Strike
1-1: Fly out, F7 (Flyball, 78M, EV 90.0 MPH)
Batting: LHB Bailey Johnson 0-0: Ball
1-0: Called Strike
1-1: Ball
2-1: Called Strike
2-2: Strikes out swinging
Batting: SHB Joe Lund 0-0: Called Strike
0-1: Foul Ball, location: 3F
0-2: Ground out 6-3 (Groundball, 6, EV 104.4 MPH)
Top of the 9th over - 0 runs, 0 hits, 0 errors, 0 left on base; Carolina 2 - Boston 3
Sunday, March 24th , 2024 - OOTP Baseball 24.10 Build 82